 Dungeon Crawl Stone Soup version 0.18-a0-1040-g4865665 (webtiles) character file.

627 Reinor the Gusty (level 7, -8/36 HPs)
             Began as a Tengu Air Elementalist on Jan 10, 2016.
             Mangled by Kristof's ghost (19 damage)
             ... on level 4 of the Dungeon.
             The game lasted 00:36:13 (4136 turns).

Reinor the Gusty (Tengu Air Elementalist)           Turns: 4136, Time: 00:36:13

Health: -8/36      AC:  3    Str:  8    XL:     7   Next: 47%
Magic:  16/16      EV: 12    Int: 18    God:
Gold:   208        SH:  3    Dex: 14    Spells: 4 memorised, 5 levels left

rFire  x . .     SeeInvis .     k - +2 mace (crush)
rCold  + . .     Gourm    .     a - +0 robe
rNeg   . . .     Faith    .     (no shield)
rPois  .         Spirit   .     e - +0 hat
rElec  .         Dismiss  .     (no cloak)
rCorr  .         Reflect  +     m - +0 pair of gloves
SustAt .         Harm     .     (boots unavailable)
MR     .....                    l - +3 amulet of reflection
Stlth  +++.......               (no ring)
                                o - ring of ice

@: not resistant to hostile enchantments, fairly stealthy
A: beak, talons 3, able to fly 1
a: Fly


You were on level 4 of the Dungeon.
You were not hungry.

You visited 1 branch of the dungeon, and saw 4 of its levels.

You collected 208 gold pieces.

Inventory:

Hand Weapons
 d - a +0 dagger
 f - a +0 dagger of venom
 k - a +2 mace of crushing (weapon)
Armour
 a - a +0 robe (worn)
 e - a +0 hat (worn)
 m - a +0 pair of gloves (worn)
Jewellery
 l - a +3 amulet of reflection (around neck)
 o - a ring of ice (left hand)
Scrolls
 i - 2 scrolls of identify
 j - 2 scrolls of remove curse
Potions
 g - a potion of haste
 n - 2 potions of curing
Books
 b - a book of Air

   Spells                             Type                      Level
   a - Shock                          Conjuration/Air              1
   b - Swiftness                      Charms/Air                   2
   c - Repel Missiles                 Charms/Air                   2
   d - Static Discharge               Conjuration/Air              3
   e - Lightning Bolt                 Conjuration/Air              5
Comestibles
 c - 3 bread rations
 h - a chunk of flesh


   Skills:
 - Level 0.2 Short Blades
 - Level 2.1 Dodging
 - Level 4.0 Stealth
 + Level 5.4 Spellcasting
 - Level 3.6 Conjurations
 - Level 6.0 Air Magic


You had 5 spell levels left.
You knew the following spells:

 Your Spells              Type           Power        Failure   Level  Hunger
a - Shock                 Conj/Air       ###.         1%          1    None
b - Static Discharge      Conj/Air       ###.....     6%          3    ##.....
c - Repel Missiles        Chrm/Air       ###...       8%          2    #......
d - Lightning Bolt        Conj/Air       ###.......   54%         5    ######.


Dungeon Overview and Level Annotations

Branches:
Dungeon (4/15)
 Temple: D:4-7

Altars:
Ashenzari
Dithmenos
Elyvilon
Gozag
Nemelex Xobeh
Pakellas
Trog
The Shining One

Annotations:
D:4 Kristof's ghost, amateur MiFi


Innate Abilities, Weirdness & Mutations

You have a beak for a mouth.
You have claws for feet.
You can fly.


Message History

a chunk of flesh; a bat skeleton
There is a stone staircase leading down here.
You start resting.
You float gracefully downwards.
You start resting.
HP restored.
Things that are here:
a chunk of flesh; a bat skeleton
h - a chunk of flesh
There is a stone staircase leading down here.
You climb downwards.
Level annotation: Kristof's ghost, amateur MiFi Kristof's ghost hits you.
There is a stone staircase leading up, spattered with blood here.
You closely miss Kristof's ghost. Kristof's ghost hits you!
You hit Kristof's ghost. Your kick misses Kristof's ghost.
Kristof's ghost is lightly damaged.
Kristof's ghost hits you! Kristof's ghost hits you!!
Ouch! That really hurt!
You die...

......##........ #.......
............#...####### #....##.
......#.####..........# #....###
........#.............## #.......
.......................# #....###
........#.#............# #.......
........#.##...........# #...##..
...#..#.# #.....W..[..# #...##..
##.#..#.#....#'#@#####.# #...##..
##....#.####.#.#.#####.###...##..
.#...##......#.#=......).##+###..
.......#######.#.#####.#.##.###..
.....#.# ##...................
.#####.# ##....#####.#.##.#####
.......# #.......# #.#.##.#
.#####.# #..##.#.# #......# .#
### #..##.#.# ###.####


You could see Kristof's ghost.

Vanquished Creatures
  4 ogres
  3 orc priests
  An orc wizard (D:4)
  An iguana (D:4)
  A hound skeleton (D:4)
  An adder (D:2)
  2 worms (D:2)
  6 giant geckos
  20 orcs
  4 giant cockroaches
  13 goblins
  2 hobgoblins (D:1)
  5 jackals
  3 quokkas
  A ball python (D:3)
  13 bats
  9 giant newts
  A jackal skeleton (D:4)
  8 kobolds
  5 rats
103 creatures vanquished.

Notes
Turn   | Place    | Note
--------------------------------------------------------------
     0 | D:1      | Reinor the Tengu Air Elementalist began the quest for the Orb.
     0 | D:1      | Reached XP level 1. HP: 10/10 MP: 4/4
   177 | D:1      | Reached XP level 2. HP: 9/15 MP: 3/6
   404 | D:1      | Reached skill level 5 in Air Magic
   739 | D:1      | Reached XP level 3. HP: 7/19 MP: 5/7
   747 | D:1      | Found a sparkling altar of Nemelex Xobeh.
  1187 | D:2      | Found a glowing golden altar of the Shining One.
  1190 | D:2      | Found a shadowy altar of Dithmenos.
  1190 | D:2      | Found an oddly glowing altar of Pakellas.
  1190 | D:2      | Found a white marble altar of Elyvilon.
  1191 | D:2      | Found an opulent altar of Gozag.
  1208 | D:2      | Reached skill level 6 in Air Magic
  1235 | D:2      | Found a bloodstained altar of Trog.
  1266 | D:2      | Reached XP level 4. HP: 19/24 MP: 6/8
  1547 | D:2      | Found a shattered altar of Ashenzari.
  2163 | D:3      | Gained mutation: You can fly. [Tengu growth]
  2163 | D:3      | Reached XP level 5. HP: 23/28 MP: 9/9
  2165 | D:3      | Noticed an ogre
  2176 | D:3      | Killed an ogre
  2566 | D:3      | Reached XP level 6. HP: 16/32 MP: 8/10
  2674 | D:4      | Learned a level 3 spell: Static Discharge
  2677 | D:4      | Learned a level 2 spell: Repel Missiles
  2752 | D:4      | Learned a level 5 spell: Lightning Bolt
  2844 | D:4      | Reached XP level 7. HP: 20/36 MP: 10/14
  3285 | D:4      | Reached skill level 5 in Spellcasting
  3555 | D:4      | Noticed Kristof's ghost (amateur MiFi)
  4136 | D:4      | Mangled by Kristof's ghost

Vault maps used:
D:1:      matt_arrival_refuge, nemelex_diamond_rough_becter
D:2:      grunt_temple_overflow_open, lemuel_doored_altar, bloody_trog
D:3:      first_bread

Action                   |  1- 3 |  4- 6 |  7- 9 || total
-------------------------+-------+-------+-------++-------
Melee: Unarmed           |     6 |       |       ||     6
       Dagger            |    45 |       |       ||    45
       Mace              |    21 |    54 |    23 ||    98
 Cast: Shock             |    39 |    55 |    29 ||   123
 Abil: Fly               |       |       |     5 ||     5
  Use: Potion            |     1 |       |       ||     1
       Scroll            |       |     4 |     2 ||     6
 Stab: Sleeping          |       |     1 |     1 ||     2
  Eat: Chunk             |     2 |     5 |     2 ||     9
       Meat ration       |       |       |     1 ||     1
